[Event "Moja Open Prestige 2022"]
[Site "Kimberley"]
[Date "2022.03.20"]
[Round "2.6"]
[White "Vorster, Stephanus"]
[Black "Mthunzi, Clive"]
[Result "1-0"]
[ECO "B12"]
[WhiteElo "1600"]
[BlackElo "1888"]
[Annotator "NA RC"]
[PlyCount "71"]
[EventDate "2022.03.19"]
[EventType "swiss"]
[EventCountry "RSA"]
[SourceTitle "playchess.com"]
[Source "ChessBase"]
[SourceQuality "1"]
[TimeControl "5400+30"]

1. e4 c6 2. d4 d5 3. e5 Bf5 4. Nc3 e6 5. g4 Bg6 6. Nge2 h6 7. h4 c5 8. Be3 Nc6 9. dxc5 Nxe5 10. Nf4 Bh7 11. Bb5+ Nc6 12. Qe2 Nf6 13. O-O-O Be7 14. g5 Nd7 15. gxh6 g6 16. Bxc6 bxc6 17. Bd4 O-O 18. Bg7 e5 19. Nfxd5 cxd5 20. Nxd5 Rc8 21. Qb5 Rxc5 22. Nxe7+ Qxe7 23. Rxd7 Rxb5 24. Rxe7 Rc8 25. Rxe5 Rxe5 26. Bxe5 g5 27. c3 g4 28. Rg1 Bf5 29. f3 Be6 30. fxg4 Bxa2 31. g5 Kh7 32. h5 a6 33. Bg7 Rc5 34. g6+ fxg6 35. hxg6+ Kg8 36. Bd4 1-0

[Event "Moja Open Prestige 2022"]
[Site "Kimberley"]
[Date "2022.03.20"]
[Round "2.7"]
[White "Mankga, Thabang"]
[Black "Karsten, Jan"]
[Result "0-1"]
[ECO "A96"]
[WhiteElo "1463"]
[BlackElo "1679"]
[Annotator "NA RC"]
[PlyCount "130"]
[EventDate "2022.03.19"]
[EventType "swiss"]
[EventCountry "RSA"]
[SourceTitle "playchess.com"]
[Source "ChessBase"]
[SourceQuality "1"]
[TimeControl "5400+30"]

1. d4 e6 2. c4 f5 3. Nf3 Nf6 4. g3 Be7 5. Bg2 O-O 6. O-O d6 7. Nc3 Ne4 8. Qc2 Nxc3 9. Qxc3 a5 10. Rb1 Nc6 11. a3 a4 12. Re1 Bf6 13. e4 e5 14. d5 Na5 15. Nd2 f4 16. b4 axb3 17. Nxb3 Nxb3 18. Qxb3 Bg5 19. f3 fxg3 20. hxg3 Bxc1 21. Rbxc1 Qg5 22. Kf2 b6 23. Qe3 Qxe3+ 24. Rxe3 Bd7 25. Bf1 g5 26. Be2 Kg7 27. Kg2 Kg6 28. Rh1 Rf6 29. g4 Rff8 30. Kg3 Rh8 31. Rc3 h6 32. Re3 Rh7 33. Rc3 Kf6 34. Kg2 Ke7 35. Kg3 Rah8 36. Rcc1 Kf6 37. Rh2 h5 38. gxh5 Rxh5 39. Rxh5 Rxh5 40. Ra1 Ba4 41. Kg2 Rh8 42. Rh1 Rxh1 43. Kxh1 g4 44. Kg2 Bc2 45. Kg3 Kg5 46. Bf1 gxf3 47. Kxf3 Kh4 48. Ke3 Kg3 49. Be2 Ba4 50. Bf1 Bd1 51. Bd3 Kg2 52. Kd2 Bh5 53. Ke3 Bg4 54. Be2 Bxe2 55. Kxe2 Kg3 56. Ke3 Kg4 57. a4 Kg3 58. Ke2 Kf4 59. Kd3 Kf3 60. c5 dxc5 61. a5 bxa5 62. Kc4 Kxe4 63. Kxc5 a4 64. Kc6 a3 65. Kxc7 Kxd5 0-1

[Event "Moja Open Prestige 2022"]
[Site "Kimberley"]
[Date "2022.03.20"]
[Round "2.8"]
[White "LEFYEDI, THATEGO"]
[Black "Makhosonke, Kuhlase Matthiolus"]
[Result "0-1"]
[ECO "E11"]
[WhiteElo "1461"]
[BlackElo "1787"]
[Annotator "NA RC"]
[PlyCount "120"]
[EventDate "2022.03.19"]
[EventType "swiss"]
[EventCountry "RSA"]
[SourceTitle "playchess.com"]
[Source "ChessBase"]
[SourceQuality "1"]
[TimeControl "5400+30"]

1. d4 Nf6 2. c4 e6 3. Nf3 Bb4+ 4. Bd2 Be7 5. Nc3 d5 6. g3 dxc4 7. Qa4+ Nbd7 8. Qxc4 b6 9. Bg2 Bb7 10. Bf4 c5 11. Nb5 O-O 12. Bc7 Qc8 13. Bd6 Bd5 14. Qc1 Bxd6 15. Nxd6 Qc6 16. Nc4 cxd4 17. Ncd2 Rac8 18. O-O e5 19. Bh3 Rc7 20. Qd1 Qc2 21. b3 g6 22. g4 Be6 23. Qxc2 Rxc2 24. Rfc1 Rfc8 25. Rxc2 Rxc2 26. g5 Bxh3 27. gxf6 Bf5 28. Nc4 Rxe2 29. Re1 Rxe1+ 30. Nxe1 b5 31. Nd6 a6 32. Nf3 Bg4 33. Ng5 d3 34. Nge4 Bf5 35. Kf1 Nb6 36. Nxf5 gxf5 37. Nc5 e4 38. Nxa6 Nd5 39. a4 bxa4 40. bxa4 Nc3 41. Ke1 Nxa4 42. Nb8 h5 43. Nc6 Kh7 44. Ne7 Nc5 45. Nxf5 Kg6 46. Ne3 Kxf6 47. Kd2 Ke5 48. Ng2 f5 49. Ne1 Kf4 50. h4 Kg4 51. Ng2 f4 52. Ne1 Kxh4 53. f3 e3+ 54. Kd1 Kg3 55. Nxd3 Nxd3 56. Ke2 Ne5 57. Ke1 Kxf3 58. Kf1 e2+ 59. Ke1 Nd3+ 60. Kd2 e1=Q+ 0-1

[Event "Moja Open Prestige 2022"]
[Site "Kimberley"]
[Date "2022.03.20"]
[Round "3.6"]
[White "Makhosonke, Kuhlase Matthiolus"]
[Black "Vorster, Stephanus"]
[Result "1-0"]
[ECO "D20"]
[WhiteElo "1787"]
[BlackElo "1600"]
[Annotator "NA RC"]
[PlyCount "91"]
[EventDate "2022.03.19"]
[EventType "swiss"]
[EventCountry "RSA"]
[SourceTitle "playchess.com"]
[Source "ChessBase"]
[SourceQuality "1"]
[TimeControl "5400+30"]

1. d4 d5 2. c4 dxc4 3. Nc3 c5 4. d5 Nf6 5. Bg5 Nbd7 6. Qa4 Qb6 7. Rb1 Qb4 8. Bxf6 Qxa4 9. Nxa4 exf6 10. Nc3 a6 11. a4 Rb8 12. a5 Bd6 13. e4 Bc7 14. Ra1 b5 15. axb6 Nxb6 16. Nf3 Kd7 17. Nd2 Re8 18. Kd1 Bf4 19. g3 Bxd2 20. Kxd2 Kd6 21. f4 g5 22. Be2 Rg8 23. f5 Rh8 24. h4 Ke5 25. hxg5 fxg5 26. Rh5 f6 27. Kc2 Ra8 28. Ra5 Kd4 29. Rh1 Nd7 30. Rd1+ Ke5 31. Bxc4 h5 32. Rh1 h4 33. Raa1 Bb7 34. g4 Nb6 35. Kd3 Rhc8 36. Ra3 a5 37. Bb5 Ra7 38. Rha1 Rca8 39. Ke3 Ba6 40. Rxa5 Bxb5 41. Rxa7 Rxa7 42. Rxa7 Bd7 43. b3 Kd6 44. Rb7 Nc8 45. e5+ fxe5 46. Ne4+ 1-0

[Event "Moja Open Prestige 2022"]
[Site "Kimberley"]
[Date "2022.03.20"]
[Round "3.7"]
[White "Vorster, Tyrone"]
[Black "Mathebula, Xolani Cebo"]
[Result "0-1"]
[ECO "C56"]
[WhiteElo "1192"]
[BlackElo "1752"]
[Annotator "NA RC"]
[PlyCount "96"]
[EventDate "2022.03.19"]
[EventType "swiss"]
[EventCountry "RSA"]
[SourceTitle "playchess.com"]
[Source "ChessBase"]
[SourceQuality "1"]
[TimeControl "5400+30"]

1. e4 e5 2. Bc4 Nc6 3. Nf3 Nf6 4. d4 exd4 5. O-O d6 6. Nxd4 Ne5 7. Bb3 Be7 8. f4 Ng6 9. Nc3 O-O 10. h3 Re8 11. g4 Bf8 12. f5 Ne5 13. g5 Nfd7 14. Qh5 Kh8 15. Rf4 g6 16. fxg6 fxg6 17. Qh4 Nb6 18. Nf3 Bg7 19. Be3 c6 20. Rf1 Be6 21. Bxe6 Rxe6 22. Nxe5 Rxe5 23. Rf7 Re7 24. Rxg7 Kxg7 25. Bd4+ Kg8 26. Bf6 Nc4 27. Bxe7 Qxe7 28. b3 Ne3 29. Rf2 Qe5 30. Ne2 Nxc2 31. Nf4 Nd4 32. Nd3 Qe7 33. Qf4 Rf8 34. Qxf8+ Qxf8 35. Rxf8+ Kxf8 36. Kf2 Ke7 37. Ke3 Ne6 38. h4 Nc5 39. Nf4 Nd7 40. Kd4 Ne5 41. Ke3 a5 42. a4 b5 43. Ne2 bxa4 44. bxa4 Nc4+ 45. Kd4 Nb6 46. Nc3 Ke6 47. Kd3 Ke5 48. Ke3 d5 0-1

[Event "Moja Open Prestige 2022"]
[Site "Kimberley"]
[Date "2022.03.20"]
[Round "4.2"]
[White "Mathebula, Xolani Cebo"]
[Black "Mlahleki, Vusimuzi"]
[Result "1/2-1/2"]
[ECO "C55"]
[WhiteElo "1752"]
[BlackElo "1980"]
[Annotator "NA RC"]
[PlyCount "46"]
[EventDate "2022.03.19"]
[EventType "swiss"]
[EventCountry "RSA"]
[SourceTitle "playchess.com"]
[Source "ChessBase"]
[SourceQuality "1"]
[TimeControl "5400+30"]

1. e4 e5 2. Nf3 Nc6 3. Bc4 Nf6 4. d3 Be7 5. O-O d6 6. c3 O-O 7. Re1 Na5 8. Nbd2 Nxc4 9. Nxc4 Be6 10. Ne3 h6 11. Bd2 c6 12. Qc2 Qc7 13. d4 Rfe8 14. c4 Bf8 15. Bc3 Bd7 16. dxe5 dxe5 17. Red1 Bc5 18. Nf1 a5 19. a3 a4 20. Qe2 Bc8 21. Rd3 Nh5 22. g3 Nf6 23. Kg2 Nd7 1/2-1/2

[Event "Moja Open Prestige 2022"]
[Site "Kimberley"]
[Date "2022.03.20"]
[Round "4.3"]
[White "Karsten, Jan"]
[Black "Palmer, Reegan"]
[Result "*"]
[ECO "C12"]
[WhiteElo "1679"]
[BlackElo "1572"]
[Annotator "NA RC"]
[PlyCount "67"]
[EventDate "2022.03.19"]
[EventType "swiss"]
[EventCountry "RSA"]
[SourceTitle "playchess.com"]
[Source "ChessBase"]
[SourceQuality "1"]
[TimeControl "5400+30"]

1. e4 e6 2. d4 d5 3. Nc3 Nf6 4. Bg5 Bb4 5. e5 h6 6. Bc1 Ne4 7. Qg4 Kf8 8. Nge2 Nxc3 9. bxc3 Be7 10. h4 f5 11. Qg3 Rg8 12. h5 Bg5 13. Nf4 Kf7 14. Ba3 Nc6 15. Bd3 Re8 16. Nh3 Kg8 17. Nxg5 Qxg5 18. Qf3 Na5 19. Bc1 Qe7 20. g4 Qf7 21. g5 hxg5 22. Bxg5 Kh7 23. Kd2 Nc4+ 24. Bxc4 dxc4 25. Rag1 Bd7 26. Qf4 Bc6 27. Rh3 Rg8 28. Qg3 Be8 29. Bf4 Qd7 30. Qh4 Qf7 31. Rg6 Kh8 32. Rhg3 Qd7 33. h6 Bxg6 34. hxg7+ *

[Event "Moja Open Prestige 2022"]
[Site "Kimberley"]
[Date "2022.03.20"]
[Round "4.8"]
[White "De Swardt, Eduan"]
[Black "Mthunzi, Clive"]
[Result "0-1"]
[ECO "B07"]
[WhiteElo "1207"]
[BlackElo "1888"]
[Annotator "NA RC"]
[PlyCount "82"]
[EventDate "2022.03.19"]
[EventType "swiss"]
[EventCountry "RSA"]
[SourceTitle "playchess.com"]
[Source "ChessBase"]
[SourceQuality "1"]
[TimeControl "5400+30"]

1. e4 d6 2. d4 Nf6 3. Nc3 g6 4. Bf4 Bg7 5. Qd2 Nc6 6. Nf3 Bg4 7. d5 Nb8 8. Be2 c6 9. Bh6 Bxh6 10. Qxh6 Qb6 11. Qd2 Nbd7 12. h3 Bxf3 13. Bxf3 Ne5 14. Be2 Qb4 15. f4 Ned7 16. Bf3 cxd5 17. Nxd5 Nxd5 18. exd5 Qxb2 19. O-O Qb6+ 20. Kh2 O-O 21. Rab1 Qc7 22. Rfe1 Nf6 23. Qe3 Rfe8 24. Qb3 b6 25. Be2 a6 26. Qxb6 Qxc2 27. Rb2 Qc3 28. Rd1 Rab8 29. Qxb8 Rxb8 30. Rxb8+ Kg7 31. Bxa6 Qc2 32. Rbb1 Qxa2 33. Bb7 Nh5 34. Rb4 Qf2 35. Rdd4 Ng3 36. Rd3 Ne2 37. Rb1 Nxf4 38. Rg3 h5 39. Ba6 h4 40. Rg4 f5 41. Rxf4 Qxf4+ 0-1

[Event "Moja Open Prestige 2022"]
[Site "Kimberley"]
[Date "2022.03.20"]
[Round "4.9"]
[White "Grobbelaar, Jacqui"]
[Black "Bhila, Lindokuhle Adorabell"]
[Result "0-1"]
[ECO "B23"]
[WhiteElo "1522"]
[BlackElo "1281"]
[Annotator "NA RC"]
[PlyCount "148"]
[EventDate "2022.03.19"]
[EventType "swiss"]
[EventCountry "RSA"]
[SourceTitle "playchess.com"]
[Source "ChessBase"]
[SourceQuality "1"]
[TimeControl "5400+30"]

1. e4 c5 2. Nc3 Nc6 3. Bc4 g6 4. d3 Bg7 5. Bg5 Nf6 6. f4 d6 7. h3 Qb6 8. Bxf6 Bxf6 9. Nd5 Qa5+ 10. Qd2 Bh4+ 11. Kd1 Qxd2+ 12. Kxd2 O-O 13. Ne2 e6 14. Nc7 Rb8 15. Nb5 Rd8 16. Nbc3 a6 17. a4 Bf6 18. g4 Na5 19. Ba2 Bd7 20. h4 Bg7 21. Raf1 b5 22. axb5 axb5 23. f5 c4 24. f6 Bf8 25. h5 Bh6+ 26. Ke1 g5 27. Nd4 Rdc8 28. Rh2 Rc5 29. Nd1 d5 30. b4 cxb3 31. Nxb3 Nxb3 32. Bxb3 dxe4 33. dxe4 Re5 34. Re2 Bc6 35. Rf3 Rxe4 36. Rxe4 Bxe4 37. Re3 Bc6 38. Re5 Rd8 39. Ne3 Rd4 40. Ke2 Rf4 41. Bxe6 fxe6 42. Rxe6 Bf3+ 43. Kd2 Kf7 44. Re7+ Kg8 45. Nf5 Bf8 46. f7+ Kh8 47. Re8 Rxf5 48. gxf5 Kg7 49. Rb8 b4 50. h6+ Kxf7 51. Ke3 g4 52. Kd4 g3 53. Ke3 g2 54. Kxf3 g1=Q 55. Rb7+ Kf6 56. Rxh7 Qd1+ 57. Kg3 Bd6+ 58. Kf2 Qxc2+ 59. Ke3 Qxf5 60. Rh8 Kg6 61. Rg8+ Kxh6 62. Rg2 Qf4+ 63. Ke2 b3 64. Rg1 Qh2+ 65. Kf1 b2 66. Rg2 b1=Q+ 67. Kf2 Qc2+ 68. Ke3 Qcxg2 69. Kd4 Qe5+ 70. Kd3 Qgd5+ 71. Kc2 Qe2+ 72. Kc3 Qec4+ 73. Kb2 Qd2+ 74. Kb1 Qca2# 0-1

[Event "Moja Open Prestige 2022"]
[Site "Kimberley"]
[Date "2022.03.21"]
[Round "5.6"]
[White "Mthunzi, Clive"]
[Black "Mncwabe, Minenhle Junior"]
[Result "0-1"]
[ECO "E09"]
[WhiteElo "1888"]
[BlackElo "1730"]
[Annotator "NA RC"]
[PlyCount "110"]
[EventDate "2022.03.19"]
[EventType "swiss"]
[EventCountry "RSA"]
[SourceTitle "playchess.com"]
[Source "ChessBase"]
[SourceQuality "1"]
[TimeControl "5400+30"]

1. d4 d5 2. Nf3 Nf6 3. c4 e6 4. Qc2 Be7 5. g3 O-O 6. Bg2 Nbd7 7. O-O c6 8. Nbd2 b6 9. e4 Bb7 10. Re1 dxe4 11. Nxe4 c5 12. Nxf6+ Nxf6 13. dxc5 Bxc5 14. Bg5 h6 15. Rad1 Qe7 16. Bxf6 Qxf6 17. Ne5 Bxg2 18. Kxg2 Rfd8 $1 19. Nd7 Qe7 20. Nxc5 Qxc5 21. Qa4 Rd4 22. b3 a5 23. Rxd4 Qxd4 24. Qc6 Rd8 25. Re4 Qd6 26. Qxd6 Rxd6 27. Re5 Rc6 28. Rb5 Kf8 29. c5 Rxc5 30. Rxb6 g5 31. h3 h5 32. Rb8+ Kg7 33. a3 g4 34. h4 f5 35. Kf1 Kf6 36. Ke2 Ke5 37. Kd3 f4 38. gxf4+ Kxf4 39. Rf8+ $2 {[%emt 0:00:30] [#]} (39. b4 $11 axb4 40. axb4 Rd5+ 41. Ke2) 39... Rf5 $1 40. Rxf5+ exf5 41. b4 axb4 42. axb4 {[#]} Ke5 $1 ({Weaker is} 42... Kf3 43. b5 Kxf2 44. b6 $11) 43. b5 {[%emt 0:01:00] [#]} f4 $1 44. b6 Kd6 45. Ke4 {[%emt 0:00:30] [#]} f3 $1 (45... Kc6 46. Kxf4 g3 47. fxg3 Kxb6 48. Kg5 Kc7 49. Kxh5 Kd7 50. Kg6) 46. Ke3 Kc6 47. b7 Kxb7 48. Kd3 Kc6 49. Ke3 Kd5 50. Kd3 Ke5 51. Ke3 Kf5 52. Kd2 Kf4 53. Ke1 g3 54. fxg3+ Kxg3 55. Kf1 f2 0-1

[Event "Moja Open Prestige 2022"]
[Site "Kimberley"]
[Date "2022.03.21"]
[Round "5.7"]
[White "Palmer, Reegan"]
[Black "Makhosonke, Kuhlase Matthiolus"]
[Result "1/2-1/2"]
[ECO "A25"]
[WhiteElo "1572"]
[BlackElo "1787"]
[Annotator "NA"]
[PlyCount "90"]
[EventDate "2022.03.19"]
[EventType "swiss"]
[EventCountry "RSA"]
[SourceTitle "playchess.com"]
[Source "ChessBase"]
[SourceQuality "1"]
[TimeControl "5400+30"]

1. c4 e5 2. Nc3 Nc6 3. g3 f5 4. Bg2 Nf6 5. e3 g6 6. Nge2 Bg7 7. d4 d6 8. O-O O-O 9. Rb1 a5 10. a3 e4 11. f3 Qe7 12. fxe4 fxe4 13. Nf4 Nd8 14. Nfd5 Qf7 15. Nxf6+ Bxf6 16. Nxe4 Qg7 17. Nxf6+ Rxf6 18. b3 Bf5 19. e4 Bd7 20. Bb2 Rxf1+ 21. Qxf1 Nc6 22. Qd3 Rf8 23. Re1 Qf7 24. Qe3 a4 25. d5 Ne5 26. Bxe5 dxe5 27. b4 c6 28. Rf1 Qe7 29. Rxf8+ Kxf8 30. Qb6 Qg5 31. Qf2+ Kg7 32. Bf1 Qc1 33. Qf3 Bh3 34. d6 Bxf1 35. Qxf1 Qxa3 36. Qd1 Qe3+ 37. Kf1 Qb3 38. Ke1 Qxb4+ 39. Qd2 Qb1+ 40. Kf2 Qh1 41. Ke3 Qg1+ 42. Kf3 Qh1+ 43. Ke3 Qg1+ 44. Ke2 Qxh2+ 45. Kd1 Qxd2+ 1/2-1/2

[Event "Moja Open Prestige 2022"]
[Site "Kimberley"]
[Date "2022.03.21"]
[Round "5.10"]
[White "Laubscher, Anzel"]
[Black "Grobbelaar, Jacqui"]
[Result "1/2-1/2"]
[ECO "D52"]
[WhiteElo "1718"]
[BlackElo "1522"]
[Annotator "NA RC"]
[PlyCount "75"]
[EventDate "2022.03.19"]
[EventType "swiss"]
[EventCountry "RSA"]
[SourceTitle "playchess.com"]
[Source "ChessBase"]
[SourceQuality "1"]
[TimeControl "5400+30"]

1. d4 d5 2. c4 e6 3. Nc3 Nf6 4. Bg5 c6 5. Nf3 Nbd7 6. e3 Qa5 7. Bxf6 Nxf6 8. Bd3 dxc4 9. Bxc4 Nd5 10. Qc2 Nxc3 11. bxc3 Bd6 12. O-O Qh5 13. Be2 Qh6 14. g3 b6 15. Nd2 Bb7 16. Bf3 O-O 17. c4 Rfc8 18. Rfb1 b5 19. c5 Bc7 20. Rxb5 Ba6 21. Rb2 e5 22. d5 e4 23. Nxe4 Be5 24. Nd6 Bxb2 25. Qxb2 Rab8 26. Qe5 Rc7 27. dxc6 Qe6 28. Qxe6 fxe6 29. Rd1 Kf8 30. Nb7 Ke7 31. a4 Bxb7 32. cxb7 Rxc5 33. Rd4 e5 34. Rh4 h6 35. Rg4 Kf6 36. Rb4 Ke6 37. Rg4 Kf6 38. Rb4 1/2-1/2

[Event "Moja Open Prestige 2022"]
[Site "Kimberley"]
[Date "2022.03.21"]
[Round "6.2"]
[White "Horne, Andrew H"]
[Black "Simpson, Michael M"]
[Result "0-1"]
[ECO "A03"]
[WhiteElo "1931"]
[BlackElo "1995"]
[Annotator "NA"]
[PlyCount "66"]
[EventDate "2022.03.19"]
[EventType "swiss"]
[EventCountry "RSA"]
[SourceTitle "playchess.com"]
[Source "ChessBase"]
[SourceQuality "1"]
[TimeControl "5400+30"]

1. f4 c5 2. Nf3 Nc6 3. e3 d5 4. Bb5 Bg4 5. O-O Nf6 6. d3 Qc7 7. Nbd2 Nd7 8. h3 Bxf3 9. Nxf3 g6 10. Qe1 Bg7 11. c3 a6 12. Bxc6 Qxc6 13. Qf2 b5 14. Bd2 O-O 15. Qh4 Rae8 16. e4 dxe4 17. dxe4 Bf6 18. Ng5 Bxg5 19. fxg5 f6 20. Rae1 Ne5 21. Qg3 Rd8 22. Bf4 Nd3 23. gxf6 exf6 24. Bh6 Rf7 25. Re2 Qe6 26. b3 c4 27. Rd1 Rfd7 28. Re3 Ne5 29. Rde1 cxb3 30. axb3 Qxb3 31. h4 Rd3 32. Qh3 Rxe3 33. Rxe3 Qd1+ 0-1

[Event "Moja Open Prestige 2022"]
[Site "Kimberley"]
[Date "2022.03.21"]
[Round "6.3"]
[White "Mathebula, Xolani Cebo"]
[Black "Karsten, Jan"]
[Result "1-0"]
[ECO "C01"]
[WhiteElo "1752"]
[BlackElo "1679"]
[Annotator "NA"]
[PlyCount "53"]
[EventDate "2022.03.19"]
[EventType "swiss"]
[EventCountry "RSA"]
[SourceTitle "playchess.com"]
[Source "ChessBase"]
[SourceQuality "1"]
[TimeControl "5400+30"]

1. e4 e6 2. d4 d5 3. Nc3 Bb4 4. exd5 exd5 5. Bd3 Nf6 6. Nge2 O-O 7. Bg5 c6 8. Qd2 Be7 9. f3 Nbd7 10. h4 Re8 11. O-O-O b5 12. Ng3 a5 13. Nf5 Bf8 14. g4 a4 15. h5 b4 16. Ne2 Qb6 17. Bf4 c5 18. g5 c4 19. gxf6 Nxf6 20. Be5 cxd3 21. Qxd3 b3 22. a3 Ba6 23. Qd2 bxc2 24. Rdg1 Bxa3 25. Rxg7+ Kh8 26. Rxh7+ Kg8 27. Rg7+ 1-0

[Event "Moja Open Prestige 2022"]
[Site "Kimberley"]
[Date "2022.03.21"]
[Round "6.4"]
[White "Mncwabe, Minenhle Junior"]
[Black "Makhosonke, Kuhlase Matthiolus"]
[Result "1-0"]
[ECO "E17"]
[WhiteElo "1730"]
[BlackElo "1787"]
[Annotator "NA"]
[PlyCount "101"]
[EventDate "2022.03.19"]
[EventType "swiss"]
[EventCountry "RSA"]
[SourceTitle "playchess.com"]
[Source "ChessBase"]
[SourceQuality "1"]
[TimeControl "5400+30"]

1. Nf3 Nf6 2. c4 e6 3. g3 b6 4. Bg2 Bb7 5. O-O c5 6. b3 d5 7. cxd5 exd5 8. d4 Be7 9. Bb2 O-O 10. Nbd2 Nbd7 11. Rc1 Rc8 12. Nh4 g6 13. Nhf3 Ne4 14. dxc5 Ndxc5 15. Nd4 Bf6 16. b4 Nxd2 17. Qxd2 Ne4 18. Qd3 Qe7 19. a3 Bg5 20. f4 Bf6 21. Bh3 Rxc1 22. Rxc1 Nd6 23. Nc6 Bxc6 24. Bxf6 Qxf6 25. Rxc6 Qa1+ 26. Bf1 Nc4 27. e4 Re8 28. e5 Qxa3 29. Qxa3 Nxa3 30. Bd3 Nc4 31. Bxc4 dxc4 32. b5 Rd8 33. Rxc4 Rd1+ 34. Kg2 Rd2+ 35. Kg1 Rb2 36. Rc7 Rxb5 37. Rxa7 Rb2 38. Rb7 b5 39. h3 h5 40. Kf1 b4 41. g4 h4 42. f5 g5 43. f6 b3 44. Rb8+ Kh7 45. e6 Rb1+ 46. Kf2 Rb2+ 47. Kf3 Rh2 48. exf7 Rxh3+ 49. Ke4 Rg3 50. f8=Q Rxg4+ 51. Ke5 1-0

[Event "Moja Open Prestige 2022"]
[Site "Kimberley"]
[Date "2022.03.21"]
[Round "6.5"]
[White "Van Zyl, Charlize"]
[Black "Mlahleki, Vusimuzi"]
[Result "0-1"]
[ECO "E11"]
[WhiteElo "1691"]
[BlackElo "1980"]
[Annotator "NA"]
[PlyCount "50"]
[EventDate "2022.03.19"]
[EventType "swiss"]
[EventCountry "RSA"]
[SourceTitle "playchess.com"]
[Source "ChessBase"]
[SourceQuality "1"]
[TimeControl "5400+30"]

1. d4 Nf6 2. c4 e6 3. g3 Bb4+ 4. Bd2 a5 5. Bg2 d6 6. Nf3 Nbd7 7. O-O e5 8. e3 Bxd2 9. Nfxd2 O-O $14 10. Nc3 c6 11. Qc2 Qb6 12. Rfd1 exd4 13. Na4 Qa7 14. exd4 Qxd4 15. Ne4 Qe5 16. Nxd6 Nc5 17. Nb6 Bg4 18. f3 Rad8 19. Nxb7 Bf5 20. Qf2 Nxb7 21. g4 Bxg4 22. Re1 Qc7 23. fxg4 Nxg4 24. Qg3 Qxb6+ 25. Kf1 Rd2 0-1

[Event "Moja Open Prestige 2022"]
[Site "Kimberley"]
[Date "2022.03.21"]
[Round "6.6"]
[White "Dunn, Andrew M"]
[Black "Smit, Devon"]
[Result "0-1"]
[ECO "D31"]
[WhiteElo "2117"]
[BlackElo "1713"]
[Annotator "NA"]
[PlyCount "76"]
[EventDate "2022.03.19"]
[EventType "swiss"]
[EventCountry "RSA"]
[SourceTitle "playchess.com"]
[Source "ChessBase"]
[SourceQuality "1"]
[TimeControl "5400+30"]

1. d4 d5 2. c4 e6 3. Nc3 a6 4. c5 b6 5. cxb6 cxb6 6. Nf3 Bb7 7. Bf4 Bd6 $11 8. Bg5 Ne7 9. e3 Nbc6 10. Bd3 Rc8 11. Rc1 b5 12. O-O h6 13. Bh4 O-O 14. Bb1 Qb6 15. e4 dxe4 16. Nxe4 Bf4 17. Qd3 Ng6 18. Rcd1 Rfe8 19. a3 Na5 20. Rfe1 Bd5 21. Nc5 Qc6 22. Bg3 Bxg3 23. hxg3 Nc4 24. Re2 e5 25. b4 e4 26. Nxe4 Rxe4 27. Rxe4 Nb2 28. Qd2 Nxd1 29. Re1 Bxf3 30. gxf3 Nc3 31. Be4 Nxe4 32. fxe4 Rd8 33. d5 Qc4 34. f4 f5 35. exf5 Rxd5 36. Re8+ Nf8 37. Qe1 Qd4+ 38. Kh1 Qd1 0-1

[Event "Moja Open Prestige 2022"]
[Site "Kimberley"]
[Date "2022.03.21"]
[Round "6.7"]
[White "Chikwavaire, Tapiwa"]
[Black "Palmer, Reegan"]
[Result "0-1"]
[ECO "A37"]
[WhiteElo "2007"]
[BlackElo "1572"]
[Annotator "NA"]
[PlyCount "98"]
[EventDate "2022.03.19"]
[EventType "swiss"]
[EventCountry "RSA"]
[SourceTitle "playchess.com"]
[Source "ChessBase"]
[SourceQuality "1"]
[TimeControl "5400+30"]

1. Nf3 g6 2. c4 Bg7 3. g3 c5 4. Nc3 Nc6 5. Bg2 e6 6. O-O Nge7 7. d3 d5 8. cxd5 exd5 9. Bf4 Be6 10. Nb5 O-O 11. Nc7 Rc8 12. Nxe6 fxe6 13. Bh3 Nf5 14. Ng5 Qe7 15. e4 dxe4 16. dxe4 Nfd4 17. Nxe6 Nxe6 18. Bd6 Qf7 19. Bxf8 Rxf8 20. Qd5 Ncd4 21. Rad1 Ng5 22. Qxf7+ Rxf7 23. Bg2 Ngf3+ 24. Kh1 g5 25. Bxf3 Rxf3 26. Kg2 g4 27. h3 h5 28. Rh1 Bf6 29. hxg4 hxg4 30. Rh5 b6 31. Rd5 Ne6 32. Rd6 Kf7 33. Rd7+ Ke8 34. Rxa7 Bd4 35. Rd2 Ng5 36. Re2 Nh3 37. Rb7 Bxf2 38. Rg7 Rxg3+ 39. Kh2 Rf3 40. Rxg4 Nf4 41. Rxf2 Rxf2+ 42. Kg3 Nd3 43. b4 c4 44. e5 c3 45. Rc4 c2 46. a4 Rd2 47. a5 c1=Q 48. Rxc1 Nxc1 49. axb6 Rb2 0-1

[Event "Moja Open Prestige 2022"]
[Site "Kimberley"]
[Date "2022.03.21"]
[Round "6.8"]
[White "Boshoma, Chisomo"]
[Black "Bhawoodien, Shabir Hussain"]
[Result "0-1"]
[ECO "B11"]
[WhiteElo "1323"]
[BlackElo "2058"]
[Annotator "NA"]
[PlyCount "109"]
[EventDate "2022.03.19"]
[EventType "swiss"]
[EventCountry "RSA"]
[SourceTitle "playchess.com"]
[Source "ChessBase"]
[SourceQuality "1"]
[TimeControl "5400+30"]

1. e4 c6 2. Nc3 d5 3. d3 d4 4. Nce2 e5 5. g3 Bg4 6. Bg2 Bb4+ 7. Bd2 Qa5 8. a3 Bxd2+ 9. Qxd2 Qxd2+ 10. Kxd2 c5 11. f4 Nc6 12. h3 Bd7 13. fxe5 Nxe5 14. Nf3 f6 15. c3 Bb5 16. Nf4 dxc3+ 17. Kxc3 O-O-O 18. Rhd1 b6 19. a4 Bc6 20. b4 cxb4+ 21. Kxb4 Rd6 22. Ne1 Ne7 23. d4 N5g6 24. Ne2 Re8 25. Nc3 Bb7 26. Nb5 a5+ 27. Ka3 Rd7 28. h4 Kb8 29. Rab1 Nc8 30. h5 Nf8 31. Nc3 Nd6 32. Bf1 Ka7 33. Nb5+ Kb8 34. Nc3 Nxe4 35. Nxe4 Rxe4 36. Rxb6 Rdxd4 37. Rxd4 Rxd4 38. Bg2 Rd7 39. h6 gxh6 40. Rxf6 Bxg2 41. Rxf8+ Kc7 42. Nxg2 Rd3+ 43. Kb2 Rd2+ 44. Kc3 Rxg2 45. Kc4 Rxg3 46. Rf6 Rg4+ 47. Kb5 Rg5+ 48. Kc4 h5 49. Rh6 Rg4+ 50. Kb5 Rg5+ 51. Kc4 Rg4+ 52. Kc5 Rg5+ 53. Kc4 Rb5 54. Kd3 Rf5 55. Ke2 0-1

[Event "Moja Open Prestige 2022"]
[Site "Kimberley"]
[Date "2022.03.21"]
[Round "6.9"]
[White "Laubscher, Anzel"]
[Black "Bhila, Lindokuhle Adorabell"]
[Result "1-0"]
[ECO "B23"]
[WhiteElo "1718"]
[BlackElo "1281"]
[Annotator "NA"]
[PlyCount "65"]
[EventDate "2022.03.19"]
[EventType "swiss"]
[EventCountry "RSA"]
[SourceTitle "playchess.com"]
[Source "ChessBase"]
[SourceQuality "1"]
[TimeControl "5400+30"]

1. e4 c5 2. Nc3 Nc6 3. f4 g6 4. Nf3 Bg7 5. Bc4 e6 6. d3 a6 7. a4 Nge7 8. O-O O-O 9. Qe1 d5 10. Bb3 Qb6 11. Kh1 Nb4 12. Qh4 f5 13. a5 Qc7 14. Bd2 dxe4 15. Ng5 h5 16. Nxe6 Bxe6 17. Bxe6+ Kh7 18. dxe4 Nxc2 19. exf5 Nxf5 20. Bxf5 Rxf5 21. Rac1 Nd4 22. Ne4 Nb3 23. Rc2 Nxd2 24. Rxd2 Qxa5 25. Rd7 Qb5 26. Rfd1 Re8 27. Ng5+ Kg8 28. Rd8 Rff8 29. Rxe8 Rxe8 30. Nf3 Qxb2 31. Qg5 Qc2 32. Qd5+ Kh8 33. Ng5 1-0

[Event "Moja Open Prestige 2022"]
[Site "Kimberley"]
[Date "2022.03.21"]
[Round "6.10"]
[White "Matshego, Thato"]
[Black "Nel, Hayley"]
[Result "0-1"]
[ECO "C54"]
[WhiteElo "1171"]
[BlackElo "1129"]
[Annotator "NA"]
[PlyCount "52"]
[EventDate "2022.03.19"]
[EventType "swiss"]
[EventCountry "RSA"]
[SourceTitle "playchess.com"]
[Source "ChessBase"]
[SourceQuality "1"]
[TimeControl "5400+30"]

1. e4 e5 2. Nf3 Nc6 3. Bc4 Bc5 4. c3 Nf6 5. d4 exd4 6. e5 d5 7. Bb3 Ne4 8. cxd4 Bb4+ 9. Nbd2 Bg4 10. O-O Bxd2 11. Bxd2 Nxd4 12. Bg5 Nxg5 13. Qxd4 Bxf3 14. h4 Bxg2 15. Kxg2 Ne6 16. Qxd5 Nf4+ 17. Kg3 Nxd5 18. Rad1 c6 19. Rd3 Qe7 20. Bxd5 cxd5 21. e6 fxe6 22. Re1 Qd6+ 23. f4 O-O 24. Re5 Rf5 25. Rdxd5 Qxd5 26. Rxd5 exd5 0-1